 Dungeon Crawl Stone Soup version 0.30-a0-738-g116ff8c4af (webtiles) character file.

Game seed: 540164282559095067

140727 Ajdolov the Peltast (level 17, -3/93 HPs)
             Began as a Vine Stalker Fighter on Feb 3, 2023.
             Was the Champion of the Shining One.
             Succumbed to Arachne's bolt of poison
             ... on level 2 of the Spider Nest.
             The game lasted 00:47:14 (22380 turns).

Ajdolov the Peltast (Vine Stalker Fighter)         Turns: 22380, Time: 00:47:14

Health: -3/93      AC: 34    Str: 31    XL:     17   Next: 31%
Magic:  25/25      EV: 10    Int:  8    God:    the Shining One [******]
Gold:   1368       SH: 16    Dex: 16    Spells: 16/16 levels left

rFire   . . .      SeeInvis .    e - +6 sacred scourge (holy)
rCold   . . .      Faith    .    T - +2 kite shield
rNeg    + + +      Spirit   +    Q - +0 crystal plate armour
rPois   .          Reflect  .    y - +2 helmet
rElec   .          Harm     .    G - +2 cloak
rCorr   .          Rampage  +    l - +2 pair of gloves
Will    ++...                    V - +2 pair of boots {rampage} Stlth
                                 h - amulet of the acrobat
HPRegen 1.15/turn                k - +6 ring of strength
MPRegen 0.19/turn                o - +5 ring of evasion

@: lethally poisoned (-3 -> -17), glowing
A: fangs 3, regeneration 1, magic shield, antimagic bite, no potion heal 2
a: Renounce Religion, Divine Shield, Cleansing Flame, Summon Divine Warrior


You were on level 2 of the Spider Nest.
You worshipped the Shining One.
The Shining One was exalted by your worship.
You visited 5 branches of the dungeon, and saw 26 of its levels.
You also visited: Sewer and Ice Cave.

You collected 3443 gold pieces.
You spent 2075 gold pieces at shops.

Inventory:

Hand Weapons
 e - a +6 sacred scourge of holy wrath (weapon)
Missiles
 C - 4 silver javelins
 K - 8 curare-tipped darts
 N - 3 throwing nets (quivered)
 X - 4 atropa-tipped darts
Armour
 l - a +2 pair of gloves (worn)
 y - a +2 helmet (worn)
 G - a +2 cloak (worn)
 Q - a +0 crystal plate armour (worn)
 T - a +2 kite shield (worn)
 V - a +2 pair of boots of rampaging (worn)
Jewellery
 a - a ring of flight
 f - a ring of ice
 h - an amulet of the acrobat (around neck)
 k - a +6 ring of strength (left hand)
 o - a +5 ring of evasion (right hand)
 R - a ring of resist corrosion
Wands
 r - a wand of digging (15)
 x - a wand of iceblast (36)
 z - a wand of flame (21)
 I - a wand of polymorph (9)
 M - a wand of acid (24)
 P - a wand of mindburst (31)
 S - a wand of charming (29)
Scrolls
 g - 3 scrolls of magic mapping
 i - 5 scrolls of teleportation
 n - 4 scrolls of immolation
 t - 7 scrolls of poison
 w - 5 scrolls of vulnerability
 D - 8 scrolls of fog
 E - 5 scrolls of fear
 F - a scroll of identify
 H - 2 scrolls of silence
 L - 2 scrolls of noise
 O - a scroll of enchant armour
 U - 2 scrolls of blinking
Potions
 b - 9 potions of lignification
 d - 4 potions of might
 j - 2 potions of berserk rage
 p - 17 potions of curing
 q - 8 potions of attraction
 s - 6 potions of brilliance
 u - a potion of haste {unknown}
 v - 3 potions of flight
 A - 2 potions of cancellation
 B - 3 potions of resistance
 J - 5 potions of mutation
 W - 2 potions of magic
Miscellaneous
 c - a phial of floods
 m - a phantom mirror
 Y - a box of beasts
 Z - a tin of tremorstones (2/2)


   Skills:
 - Level 12.3 Fighting
 - Level 12.0 Maces & Flails
 - Level 10.0 Armour
 * Level 16.5 Shields
 - Level 10.0 Invocations
 - Level 10.0 Evocations


You had 16 spell levels left.
You didn't know any spells.
Your spell library contained the following spells:

 Spells                   Type           Power      Damage    Failure   Level
 Freeze                   Ice            0%         1d3       100%        1
 Magic Dart               Conj           0%         1d3       100%        1
 Necrotise                Necr           0%         1d4       100%        1
 Slow                     Hex            0%         N/A       100%        1
 Blink                    Tloc           0%         N/A       100%        2
 Ensorcelled Hibernation  Hex/Ice        0%         N/A       100%        2
 Lesser Beckoning         Tloc           0%         N/A       100%        2
 Passwall                 Tmut/Erth      0%         N/A       100%        2
 Searing Ray              Conj           0%         2d4       100%        2
 Sublimation of Blood     Necr           0%         N/A       100%        2
 Wereblood                Tmut           0%         N/A       100%        2
 Call Canine Familiar     Summ           0%         N/A       100%        3
 Confusing Touch          Hex            0%         N/A       100%        3
 Dazzling Flash           Conj/Hex       0%         N/A       100%        3
 Frozen Ramparts          Ice            0%         1d1       100%        3
 Gell's Gravitas          Tloc           0%         N/A       100%        3
 Hailstorm                Conj/Ice       0%         3d3       100%        3
 Inner Flame              Hex/Fire       0%         N/A       100%        3
 Ozocubu's Armour         Ice            0%         N/A       100%        3
 Portal Projectile        Hex/Tloc       0%         N/A       100%        3
 Swiftness                Air            0%         N/A       100%        3
 Teleport Other           Tloc           0%         N/A       100%        3
 Vampiric Draining        Necr           0%         2d6       100%        3
 Anguish                  Hex/Necr       0%         N/A       100%        4
 Cause Fear               Hex            0%         N/A       100%        4
 Fulminant Prism          Conj/Hex       0%         3d5       100%        4
 Ice Form                 Ice/Tmut       0%         N/A       100%        4
 Iskenderun's Mystic Bla  Conj/Tloc      0%         2d3       100%        4
 Leda's Liquefaction      Hex/Erth       0%         N/A       100%        4
 Manifold Assault         Tloc           0%         N/A       100%        4
 Summon Ice Beast         Ice/Summ       0%         N/A       100%        4
 Agony                    Necr           0%         N/A       100%        5
 Summon Mana Viper        Hex/Summ       0%         N/A       100%        5
 Yara's Violent Unravell  Hex/Tmut       0%         3d3       100%        5
 Simulacrum               Ice/Necr       0%         N/A       100%        6
 Starburst                Conj/Fire      0%         6d3       100%        6
 Enfeeble                 Hex            0%         N/A       100%        7
 Monstrous Menagerie      Summ           0%         N/A       100%        7
 Ozocubu's Refrigeration  Ice            0%         4d7       100%        7
 Storm Form               Tmut/Air       0%         N/A       100%        7
 Summon Hydra             Summ           0%         N/A       100%        7
 Discord                  Hex            0%         N/A       100%        8


Dungeon Overview and Level Annotations

Branches:
Dungeon (15/15)            Temple (1/1) D:5            Lair (5/5) D:8
  Swamp (0/4) Lair:3       Spider (3/4) Lair:2        Slime (0/5) Lair:5
    Orc (2/2) D:11            Elf (0/3) Orc:2        Vaults (0/5) D:13
 Depths (0/4) D:15          Sewer (visited)           IceCv (visited)

Altars:
Ashenzari
Cheibriados
Dithmenos
Fedhas
Gozag
Kikubaaqudgha
Makhleb
Nemelex Xobeh
Okawaru
Qazlal
Ru
Sif Muna
Trog
Uskayaw
Vehumet
Wu Jian
Xom
Yredelemnul
Zin
The Shining One
Jiyva

Shops:
D:4 !:*!   D:13 *   Orc:1 ?   Orc:2 *[[*

Annotations:
D:8 4 runed translucent doors
Spider:1 1 runed translucent door, jovan2203's ghost, journeyman VSBe
Spider:2 Arachne
Spider:3 Mara


Innate Abilities, Weirdness & Mutations

You have razor-sharp teeth.
Your natural rate of healing is unusually fast.
When hurt, damage is shared between your health and your magic reserves.
Your bite disrupts and absorbs the magic of your enemies.
Potions cannot restore your health.


Message History

t - Shout!
Orders for allies: a - Attack new target. r - Retreat! s - Stop attacking. g - Guard the area. f - Follow me.
Anything else - Cancel.
Gang up on whom?
Press: ? - help, Dir - move target, f - Arachne
Aim: Arachne, wielding a staff of poison (ally target, haloed) Attack!
Your daeva calls down the wrath of the Shining One upon Arachne.
Arachne is smitten.
Arachne barely misses your daeva.
Your daeva calls down the wrath of the Shining One upon Arachne.
Arachne is smitten.
Arachne stares at you and mumbles some strange words.
The bolt of poison hits your daeva!
Your daeva is poisoned.
The bolt of poison misses you.
Your daeva blocks Arachne's attack.
Your daeva closely misses Arachne.
Your daeva hits Arachne with a +4 eudemon blade of holy wrath!
Your daeva blocks Arachne's attack.
Your daeva hits Arachne with a +4 eudemon blade of holy wrath! x2
Your daeva blocks Arachne's attack.
Your daeva blocks Arachne's attack.
Your daeva hits Arachne with a +4 eudemon blade of holy wrath! x2
Arachne hits your daeva with a staff of poison!
Arachne envenoms your daeva.
Your daeva closely misses Arachne. x2
Arachne mumbles some strange words.
Arachne blinks!
Your daeva looks more healthy.
Your daeva calls down the wrath of the Shining One upon Arachne.
Arachne is smitten.
Arachne casts a spell at you. The bolt of poison hits your daeva!
The bolt of poison hits you!!!
You are poisoned.
* * * LOW HITPOINT WARNING * * *
Your daeva calls down the wrath of the Shining One upon Arachne.
Arachne is smitten.
Magic courses through your body.
You die...

# ### ### #### ..####.##
##..# ...#.#^^#### #.@.####
........#^.####...#..#
...#...##..##.A#....##
.......#....#H.......#
.......#....#........#
..................#####
......................#####
.........#................##
...........†...............#


You could see Arachne (distracted, ally target) and a friendly daeva (summoned).

Vanquished Creatures
  Frances (D:14)
  Gastronok (Lair:3)
  Kirke (D:12)
  A frost giant (D:15)
  Louise (D:15)
  An orc warlord (Orc:1)
  A broodmother (Spider:2)
  Nessos (D:14)
  Azrael (D:14)
  2 spark wasps
  2 entropy weavers
  Harold (D:9)
  Fannar (D:10)
  7 hydras
  Erica (D:11)
  2 vault guards (D:13)
  A jorogumo (Spider:2)
  5 centaur warriors
  3 ogre magi (Orc:2)
  4 boulder beetles
  16 two-headed ogres
  11 death yaks
  4 tengu warriors
  An orc high priest (Orc:1)
  Nergalle (Lair:2)
  8 skeletal warriors
  Amaemon (Lair:3)
  3 pharaoh ants (Spider:1)
  Lodul (D:14)
  2 deep trolls (Orc:2)
  A goliath frog (Lair:5)
  A deep elf archer (Orc:1)
  An orb spider (Spider:1)
  A lindwurm (Lair:5)
  A wizard (D:14)
  3 steelbarb worms
  2 deep elf zephyrmancers (Orc:1)
  An orc knight (D:15)
  Pikel (D:6)
  2 bog bodies (IceCv)
  2 necromancers (D:13)
  2 orc sorcerers (Orc:1)
  8 wolf spiders
  15 ugly things
  11 cyclopes
  3 oklob plants (Lair:2)
  2 moths of wrath (Spider:2)
  4 elephants (Lair:1)
  An orange demon (Lair:3)
  2 black mambas (Lair:3)
  An ice statue (IceCv)
  5 torpor snails
  16 cane toads
  A gargoyle (D:11)
  3 demonic crawlers
  A kobold demonologist (D:11)
  An unseen horror (D:12)
  5 rime drakes
  8 komodo dragons
  2 tengu conjurers (D:15)
  An anaconda simulacrum (IceCv)
  A freezing wraith (D:13)
  3 meliai
  10 trolls
  A hornet (Lair:4)
  Grinder (D:6)
  4 tyrant leeches
  3 polar bears
  17 tarantellas
  21 blink frogs
  A dream sheep (shapeshifter) (D:15)
  10 jumping spiders
  13 slime creatures
  Sigmund (D:2)
  11 culicivoras
  A shadow (D:7)
  4 wyverns
  2 spriggans (Lair:4)
  52 yaks
  A wraith (D:11)
  3 hogs (D:12)
  21 humans (D:13)
  3 basilisks
  3 fire elementals (D:14)
  A hog (shapeshifter) (D:15)
  5 vampire mosquitoes
  3 death yak simulacra (IceCv)
  27 redbacks
  3 steam dragons (D:10)
  A harpy simulacrum (IceCv)
  Edmund (D:4)
  A swamp worm (Lair:3)
  3 wargs
  2 acid dragons
  10 water moccasins
  A hydra simulacrum (IceCv)
  4 hell hounds (D:14)
  12 orc warriors
  2 ice beasts
  6 black bears
  30 ogres
  6 wolves
  13 centaurs
  2 lemures (D:6)
  A kobold brigand (D:9)
  22 bullfrogs
  7 two-headed ogre simulacra (IceCv)
  A scorpion (shapeshifter) (D:9)
  2 gnoll sergeants
  2 scorpions (D:5)
  49 killer bees
  An elephant simulacrum (IceCv)
  4 howler monkeys
  An electric eel (Lair:5)
  3 hounds
  3 jellies
  14 orc priests
  5 iguanas
  12 orc wizards
  5 spriggan simulacra (IceCv)
  2 polar bear simulacra (IceCv)
  8 troll simulacra (IceCv)
  11 adders
  28 gnolls
  7 river rats
  7 naga simulacra (IceCv)
  7 white imps (IceCv)
  4 ufetubi (IceCv)
  A worm (D:5)
  4 dart slugs
  47 orcs
  7 ball pythons
  12 bats
  6 endoplasms
  5 giant cockroaches
  38 goblins
  30 hobgoblins
  11 jackals
  3 quokkas
  7 frilled lizards
  12 kobolds
  7 rats
910 creatures vanquished.

Vanquished Creatures (collateral kills)
  Snorg (D:10)
  A redback (Spider:2)
2 creatures vanquished.

Vanquished Creatures (others)
  14 fungi
  61 plants
75 creatures vanquished.

Grand Total: 987 creatures vanquished

Notes
Turn   | Place    | Note
-------+----------+-------------------------------------------
     0 | D:1      | Ajdolov the Vine Stalker Fighter began the quest for the
                  | Orb.
     0 | D:1      | Reached XP level 1. HP: 11/11 MP: 2/2
    93 | D:1      | Reached XP level 2. HP: 16/16 MP: 3/3
   224 | D:1      | Reached XP level 3. HP: 19/20 MP: 4/4
   514 | D:2      | Gained mutation: Your natural rate of healing is unusually
                  | fast. [Vine Stalker growth]
   514 | D:2      | Reached XP level 4. HP: 19/24 MP: 3/5
  1035 | D:2      | Noticed Sigmund
  1107 | D:2      | Killed Sigmund
  1108 | D:2      | Reached XP level 5. HP: 29/29 MP: 6/6
  1108 | D:2      | Reached XP level 6. HP: 33/33 MP: 7/7
  1481 | D:3      | Noticed an ice beast
  1497 | D:3      | Killed an ice beast
  1498 | D:3      | Reached skill level 5 in Maces & Flails
  2355 | D:4      | Found a hide-covered altar of Uskayaw.
  2402 | D:4      | Found Rocefol's Distillery.
  2402 | D:4      | Found Muwughaups's Book Shoppe.
  2404 | D:4      | Found Hudisiov's General Store.
  2414 | D:4      | Found Zaigger's Distillery.
  2437 | D:4      | Bought a potion of curing for 36 gold pieces
  2445 | D:4      | Bought a scroll of enchant armour for 105 gold pieces
  2445 | D:4      | Bought a +0 pair of gloves for 63 gold pieces
  2455 | D:4      | Found a shadowy altar of Dithmenos.
  2516 | D:4      | Found a snail-covered altar of Cheibriados.
  2648 | D:4      | Noticed Edmund
  2672 | D:4      | Killed Edmund
  2673 | D:4      | Reached XP level 7. HP: 21/38 MP: 6/8
  2986 | D:5      | Entered Level 5 of the Dungeon
  2986 | D:5      | Found a staircase to the Ecumenical Temple.
  3026 | Temple   | Entered the Ecumenical Temple
  3044 | Temple   | Became a worshipper of the Shining One
  3094 | D:5      | Found a blossoming altar of Fedhas.
  3241 | D:5      | Reached skill level 5 in Fighting
  3441 | D:5      | Found a glowing drain.
  3464 | Sewer    | Entered a sewer
  3527 | Sewer    | Gained mutation: You have razor-sharp teeth. [Vine Stalker
                  | growth]
  3527 | Sewer    | Reached XP level 8. HP: 43/43 MP: 9/9
  4886 | D:6      | Noticed Grinder
  4898 | D:6      | Killed Grinder
  4912 | D:6      | Noticed Pikel
  4945 | D:6      | Killed Pikel
  4946 | D:6      | Reached XP level 9. HP: 34/49 MP: 6/10
  4982 | D:6      | Reached * piety under the Shining One
  5147 | D:6      | Found a radiant altar of Vehumet.
  5366 | D:6      | Found a glowing silver altar of Zin.
  5877 | D:7      | Found a basalt altar of Yredelemnul.
  6163 | D:8      | Found a staircase to the Lair.
  6225 | D:8      | Reached skill level 10 in Maces & Flails
  6307 | D:8      | Found a burning altar of Makhleb.
  6366 | D:8      | Reached XP level 10. HP: 56/56 MP: 11/11
  6455 | D:8      | Found a bloodstained altar of Trog.
  6603 | D:8      | Found a large runed translucent door.
  6603 | D:8      | Noticed an entropy weaver
  6607 | D:8      | Found a large runed translucent door.
  6610 | D:8      | Found a large runed translucent door.
  6610 | D:8      | Found a large runed translucent door.
  6712 | D:8      | Noticed a two-headed ogre
  6726 | D:8      | Killed a two-headed ogre
  6883 | D:8      | Identified the +0 robe of the Solstice {Rampage}
  6929 | D:8      | Found a sacrificial altar of Ru.
  7149 | D:8      | Noticed a cyclops
  7159 | D:8      | Killed a cyclops
  7284 | D:9      | Found an ornate altar of the Wu Jian Council.
  7387 | D:9      | Reached ** piety under the Shining One
  7405 | D:9      | Reached XP level 11. HP: 33/63 MP: 8/12
  7618 | D:9      | Reached skill level 10 in Fighting
  7637 | D:9      | Reached skill level 1 in Invocations
  7667 | D:9      | Noticed a two-headed ogre
  7686 | D:9      | Killed a two-headed ogre
  7724 | D:9      | Noticed a cyclops
  7724 | D:9      | Noticed a skeletal warrior
  7724 | D:9      | Noticed a tengu warrior
  7771 | D:9      | Killed a cyclops
  7779 | D:9      | HP: 3/63 [skeletal warrior/+2 mace of protection (5)]
  7783 | D:9      | Killed a skeletal warrior
  7877 | D:9      | Reached skill level 5 in Armour
  7878 | D:9      | Noticed a two-headed ogre
  7894 | D:9      | Killed a two-headed ogre
  7915 | D:9      | Noticed Harold
  7926 | D:9      | Killed Harold
  8141 | D:9      | Killed a tengu warrior
  8142 | D:9      | Reached skill level 3 in Shields
  8231 | D:10     | Entered Level 10 of the Dungeon
  8310 | D:10     | Found a sparkling altar of Nemelex Xobeh.
  8418 | D:10     | Noticed Fannar
  8432 | D:10     | Killed Fannar
  8433 | D:10     | Reached skill level 4 in Shields
  8433 | D:10     | Reached skill level 5 in Invocations
  8502 | D:10     | Reached XP level 12. HP: 60/67 MP: 14/16
  8608 | D:10     | Noticed Snorg
  8619 | D:10     | Killed Snorg
  8620 | D:10     | Reached skill level 5 in Shields
  8661 | D:10     | Reached skill level 6 in Shields
  9003 | D:11     | Noticed Erica
  9016 | D:11     | Killed Erica
  9093 | D:11     | Found a frozen archway.
  9135 | D:11     | Noticed a soul eater
  9164 | D:11     | Reached *** piety under the Shining One
  9205 | IceCv    | Entered an ice cave
  9329 | IceCv    | Identified the +1 scale mail of Hoeg {Regen+}
  9408 | IceCv    | Reached **** piety under the Shining One
  9531 | IceCv    | Reached skill level 7 in Shields
  9727 | IceCv    | Reached ***** piety under the Shining One
  9928 | IceCv    | Reached skill level 8 in Shields
 10455 | D:11     | Noticed a boulder beetle
 10499 | D:11     | Killed a boulder beetle
 10552 | D:11     | Found a staircase to the Orcish Mines.
 10634 | D:10     | Reached skill level 9 in Shields
 10642 | D:10     | Reached XP level 13. HP: 21/72 MP: 18/20
 11054 | D:11     | Identified the +1 scale mail "Xiazigom" {Fly Dex+2}
 11255 | Lair:1   | Entered Level 1 of the Lair of Beasts
 11258 | Lair:1   | Reached skill level 10 in Shields
 11585 | Lair:1   | Reached skill level 10 in Invocations
 11908 | Lair:1   | Reached skill level 1 in Evocations
 12340 | Lair:2   | Found a hole to the Spider Nest.
 12435 | Lair:2   | Noticed Nergalle
 12452 | Lair:2   | Killed Nergalle
 12758 | Lair:2   | Reached XP level 14. HP: 77/77 MP: 22/22
 12780 | Lair:2   | You fall into a shaft and drop 2 floors!
 12815 | Lair:3   | Reached ****** piety under the Shining One
 12937 | Lair:3   | Noticed Gastronok
 12957 | Lair:3   | Killed Gastronok
 13167 | Lair:3   | Noticed Amaemon
 13188 | Lair:3   | Killed Amaemon
 13219 | Lair:3   | Identified a +5 sacred scourge of holy wrath (a +3 demon
                  | whip of venom blessed by the Shining One)
 13219 | Lair:3   | Received a gift from the Shining One
 13707 | Lair:3   | Found a staircase to the Swamp.
 14010 | Lair:4   | Reached skill level 5 in Evocations
 14074 | Lair:4   | Paralysed by a hornet for 3 turns
 14097 | Lair:4   | Found an ancient bone altar of Kikubaaqudgha.
 14921 | Lair:5   | Entered Level 5 of the Lair of Beasts
 15163 | Lair:5   | Reached skill level 10 in Armour
 15211 | Lair:5   | Reached XP level 15. HP: 61/84 MP: 21/23
 15367 | Lair:5   | Found a staircase to the Slime Pits.
 15368 | Lair:5   | Found a viscous altar of Jiyva.
 15567 | Lair:5   | Identified the +1 ring mail "Inakoera" {rPois Str-4 Int+10
                  | Slay+3}
 15948 | Orc:1    | Entered Level 1 of the Orcish Mines
 16023 | Orc:1    | Identified the +8 scimitar "Zoahu" {antimagic, rN+}
 16046 | Orc:1    | Noticed an orc warlord
 16068 | Orc:1    | Killed an orc warlord
 16173 | Orc:1    | Found Zuomp's Magic Scroll Emporium.
 16424 | Orc:2    | Entered Level 2 of the Orcish Mines
 16554 | Orc:2    | Found Sockuru's Antique Armour Boutique.
 16556 | Orc:2    | Found a staircase to the Elven Halls.
 16556 | Orc:2    | Found Toatwig's Assorted Antiques.
 16598 | Orc:2    | Reached skill level 11 in Shields
 16746 | Orc:2    | Found Rudghif's Assorted Antiques.
 16755 | Orc:2    | Found Alaysaff's Antique Armour Boutique.
 16759 | Orc:2    | Bought a wand of acid (7) for 823 gold pieces
 16759 | Orc:2    | Bought a wand of acid (3) for 352 gold pieces
 16759 | Orc:2    | Bought 3 scrolls of identify for 168 gold pieces
 17198 | D:12     | Noticed Kirke
 17212 | D:12     | Killed Kirke
 17286 | D:12     | Reached skill level 12 in Shields
 17912 | D:13     | Identified the +0 war axe "Ironifeore" {elec, Str+4}
 18006 | D:13     | Reached XP level 16. HP: 88/88 MP: 24/24
 18204 | D:13     | Found a gate to the Vaults.
 18377 | D:13     | Found Feho's General Store.
 18381 | D:13     | Found Erghesk's Specific Store.
 18385 | D:13     | Bought a potion of curing for 48 gold pieces
 18390 | D:13     | Bought a box of beasts for 480 gold pieces
 18693 | D:14     | Reached skill level 13 in Shields
 18958 | D:14     | Noticed Frances
 18975 | D:14     | Killed Frances
 19064 | D:14     | Noticed Nessos
 19072 | D:14     | Killed Nessos
 19245 | D:14     | Noticed Lodul
 19254 | D:14     | Killed Lodul
 19350 | D:14     | Noticed Azrael
 19361 | D:14     | Killed Azrael
 19362 | D:14     | Reached skill level 10 in Evocations
 19494 | D:15     | Entered Level 15 of the Dungeon
 19494 | D:15     | Noticed Louise
 19508 | D:15     | Killed Louise
 19561 | D:15     | Reached skill level 14 in Shields
 19709 | D:15     | Found a staircase to the Depths.
 19864 | D:15     | Identified the +5 chain mail "Yrymiefo" {rElec rN+ MP-9}
 20475 | Spider:1 | Entered Level 1 of the Spider Nest
 20503 | Spider:1 | Found a runed translucent door.
 20504 | Spider:1 | Noticed jovan2203's ghost (journeyman VSBe)
 20818 | Spider:1 | Reached skill level 15 in Shields
 21509 | Spider:1 | Reached XP level 17. HP: 93/93 MP: 25/25
 21906 | Spider:2 | Reached skill level 16 in Shields
 22279 | Spider:3 | Noticed Mara
 22280 | Spider:3 | Noticed Arachne
 22358 | Spider:3 | Noticed Ajdolov's illusion
 22362 | Spider:3 | HP: 2/93 [Mara/+2 demon trident of electrocution (11)]
 22368 | Spider:2 | Identified the +12 tower shield of the Insatiable Knives
                  | {rElec rC+ Str+3}
 22379 | Spider:2 | HP: 2/93 [Arachne/bolt of poison (19)]
 22380 | Spider:2 | Succumbed to Arachne's bolt of poison

Illustrated notes

Levels and vault maps discovered:
D:1:      ncdulo_watergridlock, layout_rooms
D:2:      layout_basic, grunt_ministairs_2, minmay_split_cup_small, uniq_sigmund
D:3:      layout_loops_corners, nicolae_hexahallways, due_unseen_surprise
D:4:      layout_rooms, grunt_dithmenos_smoke, eat_drink_and_be_merry_uskayaw,
          lemuel_doored_altar, minmay_shop_grid_forest,
          kennysheep_generic_room_4, uniq_edmund
D:5:      minmay_goblin_kobold_castle, layout_rooms, fedhas_altar_3,
          temple_fountains, portal_sewer_entry_b
D:6:      layout_loops_ring, amcnicky_altar_gilded, zin_statuary, uniq_pikel,
          uniq_grinder
D:7:      layout_rooms, mainiacjoe_overflow_cross_hatched, grunt_ogre_cave
D:8:      layout_gridville, lemuel_round_altar, general_overflow_altar,
          trog_three_pillars_becter, erik_lair_orcish_takeover,
          minmay_hollow_rounded_squares
D:9:      minmay_chambers_of_sevens, layout_long_grid, nzn_wu_jian_council_hall,
          uniq_harold
D:10:     layout_loops_ring, mainiacjoe_overflow_chevrons, uniq_snorg,
          uniq_fannar
D:11:     layout_rooms, orc_david_3, portal_ice_cave_entry_pillars_2, uniq_erica
D:12:     layout_gridville, uniq_kirke
D:13:     layout_roguey, grunt_vaults_entry_tiered, nicolae_specific_store
D:14:     layout_irregular_city, minivault_24, uniq_frances, uniq_nessos,
          uniq_lodul, uniq_azrael
D:15:     grunt_enter_depths_snipers, layout_basic,
          hangedman_abyss_or_decor_passed, uniq_louise
Temple:   eino_temple_lava
Lair:1:   layout_concentric_octagons, grunt_megastairs_3
Lair:2:   minmay_lair_oklob_chamber, layout_misc_corridors,
          nicolae_spider_entry_tight_spaces, serial_bayou_pond_e, uniq_nergalle
Lair:3:   layout_regular_city, palyth_hydra_swamp_entry, serial_rivers,
          chequers_serial_rivers_micro_c, chequers_serial_rivers_room_a,
          chequers_serial_rivers_room_b, chequers_serial_rivers_micro_a,
          chequers_serial_rivers_micro_c, beast_lair_carwin_2,
          grunt_megastairs_5, serial_bayou_shore_b, uniq_gastronok, uniq_amaemon
Lair:4:   layout_layer_cave, basic_altar, forest_entry_grove
Lair:5:   minmay_lair_end_frog_pond, layout_cave_shapes, slime_entry_1
Spider:1: layout_chambers, gammafunk_ghost_grave
Spider:2: layout_spider_delve
Spider:3: layout_spider_delve, uniq_arachne, uniq_mara
Orc:1:    layout_diamond_mine, serial_shops, nicolae_shop_hallway_stairs,
          basic_altar, elf_legates
Orc:2:    st_orc_open, layout_diamond_mine

Skill      XL: |  1  2  3  4  5  6  7  8  9 10 11 12 13 14 15 16 17 |
---------------+----------------------------------------------------+-----
Maces & Flails | 2 3 4 5 6 8 10 12 | 12.0
Fighting       | 3 4 5 6 7 9 10 11 12 | 12.3
Invocations    | 5 8 10 | 10.0
Armour         | 5 7 10 | 10.0
Shields        | 4 9 10 12 15 16 | 16.5
Evocations     | 3 6 9 10 | 10.0

Action                     |  1- 3 |  4- 6 |  7- 9 | 10-12 | 13-15 | 16-18 || total
---------------------------+-------+-------+-------+-------+-------+-------++-------
  Melee: Flail             |    76 |    43 |       |       |       |       ||   119
         Bite              |    15 |    49 |   184 |   319 |   590 |   318 ||  1475
         Whip              |       |   103 |   519 |   678 |   477 |       ||  1777
         Sacred scourge    |       |       |       |       |   668 |   654 ||  1322
  Throw: Throwing net      |       |       |       |     3 |       |     1 ||     4
         Dart              |       |       |       |       |     1 |       ||     1
 Invoke: Divine Shield     |       |       |       |     1 |     1 |       ||     2
         Brand Weapon With |       |       |       |       |     1 |       ||     1
         Cleansing Flame   |       |       |       |       |     1 |       ||     1
         Summon Divine War |       |       |       |       |       |     1 ||     1
  Evoke: Wand              |       |     1 |       |     8 |       |       ||     9
         Phantom mirror    |       |       |       |     1 |       |       ||     1
    Use: Scroll            |       |       |       |    17 |    14 |     5 ||    36
         Potion            |       |       |       |       |       |     2 ||     2
 Armour: Scale mail        |    22 |       |       |       |       |       ||    22
         Chain mail        |    20 |    39 |   222 |     3 |       |       ||   284
         Crystal plate arm |       |       |       |   257 |   410 |   261 ||   928
  Dodge: Dodged            |    58 |    57 |   249 |   149 |   269 |   219 ||  1001
  Block: Buckler           |    22 |    26 |   122 |    44 |       |       ||   214
         Kite shield       |       |       |       |   198 |   612 |   446 ||  1256

Table legend: (Time is in decaauts)
 A = Elapsed time spent in this place.
 B = Non-inter-level travel time spent in this place.
 C = Inter-level travel time spent in this place.
 D = Time resting spent in this place.
 E = Time spent auto-exploring this place.
 F = Levels seen in this place.
 G = Mean time per level.
                   A        B        C        D        E       F      G
               +--------+--------+--------+--------+--------+-----+--------+
         Total |  21555 |  20145 |   1410 |    578 |  14484 |  28 |  769.8 |
       Dungeon |  12310 |  11517 |    793 |    130 |   8572 |  15 |  820.7 |
        Temple |     25 |     25 |      0 |      0 |      0 |   1 |   25.0 |
          Lair |   4426 |   3977 |    449 |    116 |   2840 |   5 |  885.2 |
   Spider Nest |   1801 |   1701 |    100 |     86 |   1196 |   3 |  600.3 |
  Orcish Mines |   1044 |    977 |     67 |      3 |    734 |   2 |  522.0 |
         Sewer |    749 |    749 |      0 |      0 |    554 |   1 |  749.0 |
      Ice Cave |   1197 |   1197 |      0 |    243 |    587 |   1 | 1197.0 |
               +--------+--------+--------+--------+--------+-----+--------+

Top non-repeatable levels by time:
Spider:1: 1271 daAuts
     D:5: 1223 daAuts
   IceCv: 1197 daAuts
  Lair:4: 1058 daAuts
     D:3: 1053 daAuts
  Lair:3: 1044 daAuts
     D:8: 1024 daAuts
     D:9: 975 daAuts
    D:10: 937 daAuts
  Lair:2: 881 daAuts
     D:2: 857 daAuts
    D:14: 843 daAuts
  Lair:1: 788 daAuts
    D:11: 774 daAuts
    D:13: 772 daAuts
